 Dungeon Crawl Stone Soup version 0.31-a0-1597-ge7908ec95f (webtiles) character file.

Game seed: 14766461914090239156

5 James the Ducker (level 1, 0/11 HPs)
             Began as a Spriggan Fighter on Jan 7, 2024.
             Slain by a goblin
             ... wielding a +0 club
              (4 damage)
             ... on level 1 of the Dungeon.
             The game lasted 00:00:51 (137 turns).

James the Ducker (Spriggan Fighter)                  Turns: 137, Time: 00:00:52

Health: 0/11       AC:  2    Str: 12    XL:     1   Next: 66%
Magic:  2/2        EV: 17    Int:  9    God:
Gold:   13         SH:  4    Dex: 14    Spells: 0/0 levels left

rFire   . . .        a - +0 rapier
rCold   . . .        c - +0 buckler
rNeg    . . .        b - +0 robe
rPois   .            (helmet restricted)
rElec   .            (no cloak)
rCorr   .            (gloves unavailable)
SInv    +            (boots unavailable)
Will    .....        i - amulet of the acrobat
Stlth   ++           (no ring)
HPRegen 0.21/turn    (no ring)
MPRegen 0.08/turn

%: acrobat
@: very quick
A: very small, no large weapons, unfitting armour, see invisible, speed 3
a: no special abilities


You were on level 1 of the Dungeon.
You visited 1 branch of the dungeon, and saw 1 of its levels.

You collected 13 gold pieces.

Inventory:

Hand Weapons
 a - a +0 rapier (weapon)
 f - a +0 dagger
   (You took it off a goblin on level 1 of the Dungeon)
Missiles
 g - 8 stones
Armour
 b - a +0 robe (worn)
 c - a +0 buckler (worn)
Jewellery
 i - an amulet of the acrobat (around neck)
   (You found it on level 1 of the Dungeon)
Potions
 d - a potion of might
 e - a potion of cancellation {unknown}
 h - 2 potions of enlightenment {unknown}


   Skills:
 + Level 2.4 Fighting
 * Level 2.4 Short Blades
 + Level 4.1 Dodging
 + Level 0.7 Stealth
 - Level 2.1 Shields


You couldn't memorise any spells.
You didn't know any spells.
Your spell library was empty.

Dungeon Overview and Level Annotations

Branches:
Dungeon (1/15)

Altars:


Innate Abilities, Weirdness & Mutations

You are very small and have problems with some larger weapons.
You are too small for most types of armour.
You have supernaturally acute eyesight. (SInv)
You cover ground extremely quickly. (Speed+++)


Message History

Found 2 lumpy dark potions.
Found a stone staircase leading down.
h - 2 lumpy dark potions A quokka comes into view.
There is a stone staircase leading down here.
The helpless quokka fails to defend itself.
You hit the quokka. The quokka misses you.
A quokka is nearby!
You hit the quokka.
You kill the quokka!
No target in view!
Found a dented cameo amulet.
i - an amulet of the acrobat You start putting on your amulet.
You continue putting on your amulet of the acrobat. x5
You finish putting on your amulet of the acrobat.
You feel ready to tumble and roll out of harm's way.
i - an amulet of the acrobat (around neck)
Found 4 stones.
g - 8 stones (gained 4)
Found an escape hatch in the floor.
An endoplasm comes into view.
An endoplasm is nearby!
The endoplasm quivers.
A frilled lizard comes into view.
The frilled lizard hisses angrily.
A goblin comes into view. It is wielding a +0 club.
The frilled lizard moves out of view.
Found a runed sling.
The goblin shouts!
The endoplasm misses you.
You hit the endoplasm but do no damage. The endoplasm freezes you.
You are frozen.
The goblin completely misses you.
The endoplasm jiggles.
You hit the endoplasm.
A gnoll comes into view. It is wielding a +0 flail.
The endoplasm freezes you.
You are frozen.
The gnoll shouts!
You hit the endoplasm. The endoplasm freezes you.
You are frozen.
* * * LOW HITPOINT WARNING * * *
You hit the endoplasm.
You kill the endoplasm!
The frilled lizard unfolds its giant frill.
You barely miss the goblin. The goblin closely misses you.
You hit the goblin. The goblin hits you with a +0 club.
You die...

.. ...# #..###.## #
.......# #........ #. #.
....# #........
#.###.#.#.#####.####.##
... ...#.......# #.#
......#....#### #.#
##.#.#.........# #.#
#.......#.####.# #.# #.#
#@##.# #.# #.#
#####.>##g##.####.#####.#
.........l..............#
######lg#.#..####.#######
#..#.........#
....###..######
##).#...#.# #..#####.#
... #.#


You could see a gnoll, a goblin and a frilled lizard.

Vanquished Creatures
  An endoplasm (D:1)
  A goblin (D:1)
  A hobgoblin (D:1)
  A quokka (D:1)
4 creatures vanquished.

Notes
Turn   | Place    | Note
-------+----------+-------------------------------------------
     0 | D:1      | James the Spriggan Fighter began the quest for the Orb.
     0 | D:1      | Reached XP level 1. HP: 11/11 MP: 2/2
   137 | D:1      | Slain by a goblin

Illustrated notes

Levels and vault maps discovered:
D:1:      dpeg_arrival_shelter, layout_loops_ring, grunt_decor_junction

Action                     || total
---------------------------++-------
  Melee: Rapier            ||    16
   Stab: Sleeping          ||     1
 Armour: Robe              ||     2
  Dodge: Dodged            ||     9
  Block: Buckler           ||     1

Table legend: (Time is in decaauts)
 A = Elapsed time spent in this place.
 B = Non-inter-level travel time spent in this place.
 C = Inter-level travel time spent in this place.
 D = Time resting spent in this place.
 E = Time spent auto-exploring this place.
 F = Levels seen in this place.
 G = Mean time per level.
                   A        B        C        D        E       F      G
               +--------+--------+--------+--------+--------+-----+--------+
         Total |     97 |     97 |      0 |      0 |     38 |   1 |   97.0 |
       Dungeon |     97 |     97 |      0 |      0 |     38 |   1 |   97.0 |
               +--------+--------+--------+--------+--------+-----+--------+

Top non-repeatable levels by time:
     D:1: 97 daAuts
